 Dungeon Crawl Stone Soup version 0.19.5 (webtiles) character file.

48 tidbits the Slasher (level 3, -8/24 HPs)
             Began as a High Elf Warper on July 13, 2017.
             Killed by divine providence
             ... invoked by an orc priest
              (16 damage)
             ... on level 3 of the Dungeon.
             The game lasted 00:06:38 (833 turns).

tidbits the Slasher (High Elf Warper)                Turns: 833, Time: 00:06:39

Health: -8/24      AC:  5    Str: 11    XL:     3   Next: 50%
Magic:  7/7        EV: 11    Int: 22    God:
Gold:   51         SH:  0    Dex: 14    Spells: 2 memorised, 2 levels left

rFire  . . .     SeeInvis .     a - +0 falchion
rCold  . . .     Gourm    .     B - +0 ring mail
rNeg   . . .     Faith    .     (no shield)
rPois  .         Spirit   .     (no helmet)
rElec  .         Reflect  .     (no cloak)
rCorr  .         Harm     .     (no gloves)
MR     .....                    (no boots)
Stlth  +.........               (no amulet)
                                (no ring)
                                (no ring)

@: brilliant
A: no striking features
a: no special abilities


You were on level 3 of the Dungeon.
You were not hungry.

You visited 1 branch of the dungeon, and saw 3 of its levels.

You collected 51 gold pieces.

Inventory:

Hand Weapons
 a - a +0 falchion (weapon)
 n - a +0 hand crossbow
   (You found it on level 2 of the Dungeon)
 o - a +0 dagger
   (You took it off a kobold on level 1 of the Dungeon)
 r - a cursed -1 hunting sling
   (You found it on level 3 of the Dungeon)
Missiles
 e - 5 tomahawks of dispersal (quivered) {!f}
 i - 38 stones
Armour
 g - a +0 plate armour
   (You found it on level 1 of the Dungeon)
 j - a +0 leather armour
 B - a +0 ring mail (worn)
   (You found it on level 1 of the Dungeon)
Scrolls
 d - a scroll of blinking
 l - a scroll of enchant weapon {unknown}
 m - 2 scrolls of recharging
 q - a scroll of magic mapping {unknown}
Potions
 k - a potion of haste {unknown}
Books
 c - a book of Spatial Translocations

   Spells                             Type                      Level
   a - Blink                          Translocation                2
   b - Shroud of Golubria             Charms/Translocation         2
   c - Lesser Beckoning               Translocation                3
   d - Portal Projectile              Translocation                3
   e - Teleport Other                 Translocation                3
   f - Passage of Golubria            Translocation                4
Comestibles
 f - a bread ration
 h - a meat ration
 p - 2 fruits


   Skills:
 - Level 2.0 Fighting
 + Level 4.2 Long Blades
 - Level 1.0 Throwing
 - Level 0.8 Armour
 - Level 2.1 Dodging
 - Level 1.9 Stealth
 - Level 2.4 Spellcasting
 - Level 3.2 Translocations


You had 2 spell levels left.
You knew the following spells:

 Your Spells              Type           Power        Failure   Level  Hunger
b - Blink                 Tloc           N/A          1%          2    ##.....
g - Shroud of Golubria    Chrm/Tloc      ###.......   3%          2    ##.....


Dungeon Overview and Level Annotations

Branches:
Dungeon (3/15)

Altars:


Message History

You hit the jackal but do no damage.
The jackal is almost dead.
The jackal bites you but does no damage.
You hit the jackal but do no damage.
The jackal is almost dead.
The jackal bites you but does no damage.
The jackal bites you.
You closely miss the jackal.
The jackal is almost dead.
The jackal barely misses you.
You riposte.
You closely miss the jackal.
The jackal is almost dead.
The jackal bites you but does no damage.
You hit the jackal.
You kill the jackal!
Your Long Blades skill increases to level 4!
You see here a jackal corpse. 2 jackals come into view.
The jackal barks! x2
The jackal bites you.
You see here a jackal corpse.
You hit the jackal but do no damage. The jackal barely misses you.
The jackal closely misses you.
A frilled lizard comes into view.
You barely miss the jackal. The jackal barely misses you.
You riposte.
You closely miss the jackal. You closely miss the jackal.
The jackal misses you.
You riposte.
You closely miss the jackal. The jackal barely misses you.
You hit the jackal.
You kill the jackal!
The jackal closely misses you.
You riposte.
You closely miss the jackal. You closely miss the jackal.
The jackal bites you but does no damage.
You slash the jackal!
You kill the jackal!
The jackal bites you but does no damage.
You closely miss the jackal.
The jackal bites you but does no damage.
You hit the jackal.
The jackal is almost dead.
The jackal closely misses you.
You riposte.
You hit the jackal but do no damage.
The jackal is almost dead.
The jackal bites you.
You closely miss the jackal.
The jackal is almost dead.
The jackal closely misses you.
You hit the jackal.
You kill the jackal!
The frilled lizard bites you but does no damage.
You hit the frilled lizard.
You kill the frilled lizard!
No target in view!
Things that are here:
a frilled lizard corpse; a jackal corpse A rat comes into view.
You see here a hunting sling.
r - a hunting sling You see here a plate armour.
You barely miss the rat. The rat misses you.
You hit the rat.
The rat is heavily wounded.
The rat bites you but does no damage.
You barely miss the rat.
The rat is heavily wounded.
The rat closely misses you.
You riposte.
You closely miss the rat.
The rat is heavily wounded.
You barely miss the rat.
The rat is heavily wounded.
The rat barely misses you.
You riposte.
You closely miss the rat.
The rat is heavily wounded.
The rat bites you but does no damage.
You hit the rat.
You kill the rat!
Found 19 stones.
i - 38 stones (gained 19)
An orc comes into view. It is wielding a hand axe.
An orc comes into view.
The orc shouts!
The orc shouts!
You hit the orc but do no damage. The orc hits you with a hand axe!
You slash the orc!
You kill the orc!
You hit the orc.
The orc is heavily wounded.
The orc hits you.
* * * LOW HITPOINT WARNING * * *
You hit the orc but do no damage.
The orc is heavily wounded.
The orc hits you.
* * * LOW HITPOINT WARNING * * *
An orc priest comes into view. It is wielding a hand axe.
The orc priest shouts!
Unknown command.
Okay, then.
It was a potion of brilliance.
You feel clever all of a sudden.
The orc priest calls down the wrath of Beogh upon you.
Beogh smites you!
Ouch! That really hurt!
You die...

#. #.# #.#
#.########.#.#
#.##...@o...#
#.##.#o###.#.#
#....#...# #.# #
#..#####... #.#
#.###....#......o
##.# .###....###.#.#
#.## ..#
........#.....###...
...
####....[...........
#.#
######.....########
#.#


You could see an orc priest and an orc.

Vanquished Creatures
  A worm (D:2)
  A dart slug (D:2)
  A leopard gecko (D:1)
  An orc (D:3)
  3 ball pythons
  4 bats
  2 giant cockroaches
  3 goblins (D:1)
  A hobgoblin (D:2)
  8 jackals
  2 frilled lizards
  6 kobolds
  5 rats
38 creatures vanquished.

Notes
Turn   | Place    | Note
-------+----------+-------------------------------------------
     0 | D:1      | tidbits the High Elf Warper began the quest for the Orb.
     0 | D:1      | Reached XP level 1. HP: 14/14 MP: 4/4
   117 | D:1      | Reached skill level 1 in Stealth
   128 | D:1      | Reached XP level 2. HP: 11/19 MP: 6/6
   132 | D:1      | Reached skill level 3 in Long Blades
   139 | D:1      | Learned a level 2 spell: Shroud of Golubria
   142 | D:1      | Learned a level 2 spell: Blink
   486 | D:2      | Reached XP level 3. HP: 11/24 MP: 7/7
   790 | D:3      | Reached skill level 4 in Long Blades
   833 | D:3      | Killed from afar by an orc priest

Skill      XL: |  1  2  3 |
---------------+----------+-----
Stealth        | 1 |  1.9
Long Blades    | 3 4 |  4.2
Fighting       | |  2.0
Throwing       | |  1.0
Armour         | |  0.8
Dodging        | |  2.1
Spellcasting   | |  2.4
Translocations | |  3.2

Action                   || total
-------------------------++-------
Melee: Falchion          ||   120
  Use: Scroll            ||     1
       Potion            ||     1
 Stab: Sleeping          ||     1
Armor: Leather armour    ||     9
       Plate armour      ||     2
       Ring mail         ||    30
Dodge: Dodged            ||    57
       Rpst.: Falchion   ||    23

Table legend:
 A = Turns spent in this place as a percentage of turns spent in the entire game.
 B = Non-inter-level travel turns spent in this place as a percentage of non-inter-level travel turns spent in the entire game.
 C = Inter-level travel turns spent in this place as a percentage of turns spent in this place.
 D = Turns resting spent in this place as a percentage of non-inter-level travel turns spent in this place.
 E = Turns spent auto-exploring this place as a percentage of non-inter-level travel turns spent in this place.
 F = Non-inter-level travel turns spent in this place divided by the number of levels of this place that you've seen.
                   A       B       C       D       E      F
               +-------+-------+-------+-------+-------+----------------------
         Total | 100.0 | 100.0 |   0.5 |   0.0 |   0.0 | 217.7
       Dungeon | 100.0 | 100.0 |   0.5 |   0.0 |   0.0 | 217.7
               +-------+-------+-------+-------+-------+----------------------

Table legend:
 A = Kills in this place as a percentage of kills in entire the game.
 B = Kills by you in this place as a percentage of kills by you in the entire game.
 C = Kills by friends in this place as a percentage of kills by friends in the entire game.
 D = Other kills in this place as a percentage of other kills in the entire game.
 E = Experience gained in this place as a percentage of experience gained in the entire game.
 F = Experience gained in this place divided by the number of levels of this place that you have seen.
                   A       B       C       D       E      F
               +-------+-------+-------+-------+-------+----------------------
         Total | 100.0 | 100.0 |  -nan |  -nan | 100.0 |  23.0
       Dungeon | 100.0 | 100.0 |  -nan |  -nan | 100.0 |  23.0
               +-------+-------+-------+-------+-------+----------------------

Vault maps used:
D:1:      sevenhm_arrival_forest_fort_small_3
D:3:      zin_statuary
